 Dungeon Crawl Stone Soup version 0.24-a0-408-gcc1054c7ca (webtiles) character file.

Game seed: 10504707794524819153

441 bib the Chopper (level 7, -4/62 HPs)
             Began as a Naga Fighter on June 5, 2019.
             Slain by a human zombie (6 damage)
             ... in an ossuary.
             The game lasted 00:06:30 (2240 turns).

bib the Chopper (Naga Fighter)                      Turns: 2240, Time: 00:06:30

Health: -4/62      AC:  6    Str: 18 (20) XL:     7   Next: 2%
Magic:  7/7        EV:  8    Int: 10 (13) God:
Gold:   52         SH:  8    Dex:  9 (11) Spells: 6/6 levels left

rFire    + . .     SeeInvis +   a - +0 war axe
rCold    + . .     Gourm    .   c - +0 shield
rNeg     . . .     Faith    .   b - +0 scale mail
rPois    +         Spirit   .   (no helmet)
rElec    +         Reflect  .   (no cloak)
rCorr    +         Harm     .   (no gloves)
MR       .....                  (no barding)
Stlth    +.........             (no amulet)
HPRegen  0.20/turn              h - +3 ring of evasion
MPRegen  0.10/turn              n - ring of stealth

@: brilliant, resistant, very slow
A: large, see invisible, deformed body, poison resistance, slowness 2, slow
metabolism 1, spit poison 1, AC +2
a: Spit Poison


You were in an ossuary.
You were near starving.

You visited 1 branch of the dungeon, and saw 3 of its levels.
You also visited: Ossuary.

You collected 52 gold pieces.

Inventory:

Hand Weapons
 a - a +0 war axe (weapon)
Armour
 b - a +0 scale mail (worn)
 c - a +0 shield (worn)
Jewellery
 g - an uncursed ring of positive energy
 h - a +3 ring of evasion (left hand)
 n - a ring of stealth (right hand)
Scrolls
 e - a scroll of teleportation {unknown}
 j - a scroll of fear {unknown}
 k - a scroll of identify {unknown}
Potions
 i - 2 potions of resistance
 l - a potion of brilliance
 m - a potion of degeneration
 o - a potion of agility {unknown}
Comestibles
 f - 5 rations


   Skills:
 - Level 3.4 Fighting
 + Level 5.8 Axes
 - Level 3.5 Armour
 - Level 0.3 Dodging
 - Level 3.0 Shields


You had 6 spell levels left.
You didn't know any spells.
Your spell library was empty.

Dungeon Overview and Level Annotations

Branches:
Dungeon (4/15)
 Temple: D:4-7

Altars:


Innate Abilities, Weirdness & Mutations

You cannot wear boots.
Your serpentine skin is tough. (AC +2)
You have supernaturally acute eyesight. (SInv)
Armour fits poorly on your strangely shaped body.
Your system is resistant to poisons. (rPois)
You cover ground very slowly.
You have a slow metabolism.
You can spit poison.


Message History

The mummy is severely damaged.
Your shield and scale mail prevent you from hitting the mummy.
You hit the human zombie but do no damage.
The human zombie hits you. The mummy hits you!
* * * LOW HITPOINT WARNING * * *
The mummy closely misses you.
It was a potion of resistance.
You feel protected. You block the human zombie's attack.
It was a potion of brilliance.
You feel clever all of a sudden. You block the human zombie's attack.
The mummy hits you.
* * * LOW HITPOINT WARNING * * *
The mummy hits you.
* * * LOW HITPOINT WARNING * * *
It was a potion of degeneration.
There was something very wrong with that liquid.
You feel weakened.
You feel dopey.
You feel clumsy. The human zombie hits you.
You die...

#...........##+###'
#...........#?!.#..
###8.....8###..?#..
#...........#M.!#..
#...........######8
#.....8.....#^^^#..
#.....#.....'^^^#..
#..M..#.....#.^^#..
##@###########'####
#^MZ#...#^^^#...#..
#^s^'.M.s^^^#...8..
#^^^#...#^^^#......
##########'###8...8
#?.?# #...#......
#..?# Z8...#...8..
#.!.#.......#...#..
##'###8M..8########


You could see 2 mummies, a scorpion and a human zombie.

Vanquished Creatures
  An ogre (D:2)
  3 scorpions (Ossuary)
  A centaur zombie (Ossuary)
  A human zombie (Ossuary)
  Jessica (D:2)
  A worker ant (D:2)
  A big kobold zombie (Ossuary)
  3 scorpion zombies (Ossuary)
  3 oozes
  3 dart slugs (D:2)
  A leopard gecko (D:2)
  A giant cockroach (D:1)
  A gnoll zombie (Ossuary)
  7 goblins
  8 hobgoblins
  2 ball pythons (D:1)
  2 bats
  4 frilled lizards (D:1)
  3 hobgoblin zombies (Ossuary)
  6 kobolds
  A kobold zombie (Ossuary)
  2 orc zombies (Ossuary)
  5 rats
61 creatures vanquished.

Vanquished Creatures (others)
  A goblin zombie (Ossuary)
1 creature vanquished.

Grand Total: 62 creatures vanquished

Notes
Turn   | Place    | Note
-------+----------+-------------------------------------------
     0 | D:1      | bib the Naga Fighter began the quest for the Orb.
     0 | D:1      | Reached XP level 1. HP: 21/21 MP: 1/1
   177 | D:1      | Reached XP level 2. HP: 26/28 MP: 2/2
   499 | D:1      | Reached XP level 3. HP: 29/34 MP: 3/3
  1075 | D:2      | Noticed Jessica
  1081 | D:2      | Killed Jessica
  1081 | D:2      | Reached XP level 4. HP: 42/42 MP: 4/4
  1239 | D:2      | Noticed an ogre
  1258 | D:2      | Killed an ogre
  1258 | D:2      | Reached skill level 3 in Axes
  1258 | D:2      | Reached XP level 5. HP: 10/49 MP: 5/5
  1595 | D:2      | You fall into a shaft and drop 2 floors!
  1595 | D:4      | Found a sand-covered staircase.
  1619 | Ossuary  | Entered an ossuary
  1815 | Ossuary  | Reached skill level 4 in Axes
  1815 | Ossuary  | Reached XP level 6. HP: 56/56 MP: 6/6
  1915 | Ossuary  | Reached skill level 5 in Axes
  2230 | Ossuary  | Reached XP level 7. HP: 48/62 MP: 7/7
  2239 | Ossuary  | HP: 2/62 [mummy (2)]
  2240 | Ossuary  | Slain by a human zombie

Levels and vault maps discovered:
D:1:      dpeg_arrival_long_road, layout_loops_corners, hex_medium, st_stairs_14
D:2:      layout_loops_ring, amethyst_overflow_temple_binary, glass_columns_b,
          minmay_split_cup_large, uniq_natasha, uniq_jessica
D:4:      layout_loops_cross, lemuel_doored_altar, nicolae_ossuary_entry_ruins,
          serial_shops, shop, minmay_mini_ossuary, uniq_ijyb
Ossuary:  ossuary_minmay_scorpions

Skill      XL: |  1  2  3  4  5  6 |
---------------+-------------------+-----
Armour         | 3 |  3.5
Axes           | 3 4 5 |  5.8
Shields        | 3 |  3.0
Fighting       | |  3.4
Dodging        | |  0.3

Action                   |  1- 3 |  4- 6 |  7- 9 || total
-------------------------+-------+-------+-------++-------
Melee: War axe           |    96 |   140 |     6 ||   242
 Abil: Spit Poison       |       |     6 |       ||     6
  Use: Scroll            |     1 |       |       ||     1
       Potion            |       |     1 |     3 ||     4
  Eat: Chunk             |       |     2 |       ||     2
Armor: Scale mail        |    41 |    37 |     1 ||    79
Dodge: Dodged            |    33 |    36 |     3 ||    72
Block: Shield            |    52 |    57 |     2 ||   111

Table legend:
 A = Non-vault XP
 B = Vault XP
 C = Vault XP percentage of total XP
 D = Non-vault monster count
 E = Vault monster count
 F = Vault count percentage of total count
                 A         B        C        D         E       F
            +---------+---------+-------+---------+---------+-------
      Total |     228 |     402 |  63.8 |      38 |      21 |  35.6
            +---------+---------+-------+---------+---------+-------
        D:1 |      38 |       2 |   5.0 |      21 |       2 |   8.7
        D:2 |     190 |      43 |  18.5 |      17 |       5 |  22.7
    Ossuary |       0 |     357 | 100.0 |       0 |      14 | 100.0
            +---------+---------+-------+---------+---------+-------
